 Dungeon Crawl Stone Soup version 0.29.0-5-ge4962eb29e (webtiles) character file.

Game seed: 7097571898680374388

55 drpainis the Magician (level 3, 0/21 HPs)
             Began as an Octopode Hedge Wizard on Aug 28, 2022.
             Succumbed to a kobold's poison
             ... on level 2 of the Dungeon.
             The game lasted 00:02:44 (2096 turns).

drpainis the Magician (Octopode Hedge Wizard)       Turns: 2096, Time: 00:02:44

Health: 0/21       AC:  1    Str:  8 (9)  XL:     3   Next: 93%
Magic:  7/8        EV: 13    Int: 17 (18) God:
Gold:   119        SH:  0    Dex: 10 (11) Spells: 3/9 levels left

rFire   . . .      SeeInvis .   e - +0 dagger (freeze)
rCold   . . .      Faith    .   (no shield)
rNeg    . . .      Spirit   .   b - +0 hat
rPois   .          Reflect  .   (no amulet)
rElec   .          Harm     .   (no ring)
rCorr   .          Rampage  .   (no ring)
Will    .....                   (no ring)
Stlth   +++.......              (no ring)
HPRegen 0.07/turn               (no ring)
MPRegen 0.11/turn               (no ring)
                                (no ring)
                                (no ring)

@: lethally poisoned (0 -> -3)
A: almost no armour, amphibious, 8 rings, camouflage 1, gelatinous body 1,
(nimble swimmer 1), tentacles
a: no special abilities


You were on level 2 of the Dungeon.
You visited 1 branch of the dungeon, and saw 2 of its levels.

You collected 119 gold pieces.

Inventory:

Hand Weapons
 a - a +0 dagger
 e - a +0 dagger of freezing (weapon)
Missiles
 n - a throwing net
Armour
 b - a +0 hat (worn)
Scrolls
 d - a scroll of poison {unknown}
 g - 3 scrolls of amnesia {unknown}
 i - 2 scrolls of identify {unknown}
 m - a scroll of enchant armour {unknown}
 o - a scroll of torment {unknown}
Potions
 c - a potion of magic
 j - a potion of flight {unknown}
 k - a potion of curing {unknown}
 l - a potion of attraction {unknown}


   Skills:
 + Level 0.3 Fighting
 + Level 0.4 Short Blades
 + Level 2.2 Dodging
 + Level 3.2 Stealth
 + Level 3.7 Spellcasting
 + Level 1.5 Conjurations
 + Level 1.3 Summonings
 + Level 1.0 Translocations


You had 3 spell levels left.
You knew the following spells:

 Your Spells              Type           Power      Damage    Failure   Level
a - Magic Dart            Conj           32%        1d4       9%          1
b - Slow                  Hex            12%        N/A       16%         1
c - Call Imp              Summ           7%         N/A       14%         2
d - Blink                 Tloc           12%        N/A       16%         2

Your spell library contained the following spells:

 Spells                   Type           Power      Damage    Failure   Level
 Conjure Flame            Conj/Fire      5%         6-21      34%         3
 Mephitic Cloud           Conj/Pois/Air  4%         N/A       36%         3


Dungeon Overview and Level Annotations

Branches:
Dungeon (2/15)

Altars:


Innate Abilities, Weirdness & Mutations

You cannot wear most types of armour.
You are amphibious.
You can wear up to eight rings at the same time.
Your skin changes colour to match your surroundings (Stealth+).
Your rubbery body absorbs attacks. (AC +1, EV +1)
((You are camouflaged when in or above water. (Stealth+)))
You have tentacles for arms and can constrict up to eight enemies at once.


Message History

A kobold is nearby!
The kobold shouts!
A hobgoblin comes into view.
The hobgoblin shouts!
A hobgoblin comes into view.
The hobgoblin shouts!
You hit the kobold but do no damage. Your grab misses the kobold.
The kobold hits you with a +0 dagger of venom.
You are poisoned.
You hit the kobold but do no damage. You grab the kobold.
You squeeze the kobold.
You kill the kobold!
You feel very sick.
You feel sick. The hobgoblin hits you.
Things that are here:
a +0 dagger of venom; a kobold corpse You closely miss the hobgoblin.
You grab the hobgoblin.
You tentacle-slap the hobgoblin, but do no damage.
Your squeeze misses the hobgoblin.
You constrict the hobgoblin, but do no damage.
You feel sick. The hobgoblin hits you.
* * * LOW HITPOINT WARNING * * *
Casting: Magic Dart (safe; 9% risk of failure)
Confirm with . or Enter, or press ? or * to list all spells.
Aiming: Magic Dart (safe; 9% risk of failure)
Press: ? - help, Shift-Dir - straight line, f - hobgoblin
Aim: a hobgoblin (constricted by you, 100% to hit)
The magic dart hits the hobgoblin but does no damage.
You constrict the hobgoblin.
* * * LOW HITPOINT WARNING * * *
You feel sick. The hobgoblin barely misses you.
It was a potion of degeneration.
There was something very wrong with that liquid.
You feel weakened.
You feel dopey.
You feel clumsy.
You constrict the hobgoblin.
* * * LOW HITPOINT WARNING * * *
You feel sick. The hobgoblin barely misses you.
It was a potion of cancellation.
You feel magically purged.
You constrict the hobgoblin.
You die...

######### ........#
.#......#############
.#.####.............#
#..# ##########.##.#
.### #.# .# #.# .#
#.# ## #@# #g# #g#
#.# #.. ..# #.# ..#


You could see 2 hobgoblins.

Vanquished Creatures
  An adder (D:2)
  3 ball pythons
  4 bats
  6 endoplasms
  3 giant cockroaches
  4 goblins
  A hobgoblin (D:1)
  4 jackals (D:2)
  3 quokkas
  A frilled lizard (D:1)
  4 kobolds
  5 rats
39 creatures vanquished.

Vanquished Creatures (collateral kills)
  A kobold (D:1)
1 creature vanquished.

Vanquished Creatures (others)
  7 plants (D:1)
7 creatures vanquished.

Grand Total: 47 creatures vanquished

Notes
Turn   | Place    | Note
-------+----------+-------------------------------------------
     0 | D:1      | drpainis the Octopode Hedge Wizard began the quest for the
                  | Orb.
     0 | D:1      | Reached XP level 1. HP: 11/11 MP: 4/4
   161 | D:1      | Reached XP level 2. HP: 17/17 MP: 1/6
   220 | D:1      | Learned a level 1 spell: Slow
  1201 | D:1      | Reached XP level 3. HP: 21/21 MP: 8/8
  1231 | D:1      | Learned a level 2 spell: Call Imp
  1918 | D:2      | Learned a level 2 spell: Blink
  2095 | D:2      | HP: 1/21 [poisoned by a kobold]
  2096 | D:2      | Succumbed to a kobold's poison

Illustrated notes

Levels and vault maps discovered:
D:1:      nzn_arrival_settlement, layout_basic, serial_bayou,
          serial_bayou_pond_b, serial_bayou_lagoon_a, serial_bayou_pond_d,
          serial_bayou_pond_e
D:2:      layout_loops_ring, serial_shops, shop,
          chequers_ecumenical_altar_simple_redux

Skill      XL: |  1  2 |
---------------+-------+-----
Stealth        | 3 |  3.2
Fighting       | |  0.3
Short Blades   | |  0.4
Dodging        | |  2.2
Spellcasting   | |  3.7
Conjurations   | |  1.5
Summonings     | |  1.3
Translocations | |  1.0

Action                   || total
-------------------------++-------
Melee: Dagger            ||    47
       Tentacles         ||    11
       Constrict         ||    12
       Punch             ||     1
 Cast: Magic Dart        ||    47
       Slow              ||     3
       Call Imp          ||     2
  Use: Potion            ||     2
 Stab: Sleeping          ||     5
Armor: Skin              ||     6
Dodge: Dodged            ||    28
